[Event "42nd Olympiad Baku 2016 Women"]
[Site "Baku"]
[Date "2016.09.08"]
[Round "6.5"]
[White "Shabanaj, Eglantina"]
[Black "Lujan, Carolina"]
[Result "0-1"]
[ECO "A04"]
[WhiteElo "1932"]
[BlackElo "2378"]
[Annotator ""]
[PlyCount "69"]
[EventDate "2016.??.??"]
[EventType "team-tourn"]
[EventCountry "AZE"]
[SourceTitle "playchess.com"]
[Source "ChessBase"]
[WhiteTeam "Albania"]
[BlackTeam "Argentina"]
[WhiteTeamCountry "ALB"]
[BlackTeamCountry "ARG"]
[TimeControl "40/5400+30:1800+30"]

1. Nf3 {(00:00} c5 {(00:00} 2. g3 {(00:00} g6 {(
00:43} 3. Bg2 {(00:00} Bg7 {(00:08} 4. d3 {(00:49} Nc6
{(00:13} 5. c3 {(00:25} e5 {(05:43} 6. e4 {(01:
16} d6 {(00:21} 7. O-O {(00:57} Nge7 {(00:07} 8. Re1 {
(00:30} O-O {(00:26} 9. Nbd2 {(00:32} h6 {(08:
11} 10. Nf1 {(02:23} b6 {(14:50} 11. Ne3 {(04:49} Be6
{(06:36} 12. Qa4 {(05:00} Qd7 {(07:38} 13. Bd2 {
(02:48} a6 {(03:42} 14. Rad1 {(05:54} b5 {(00:
13} 15. Qc2 {(00:25} Rac8 {(05:39} 16. c4 {(06:14} Nd4
{(09:04} 17. Qc1 {(01:41} Bh3 {(02:59} 18. Nxd4 {
(10:24} cxd4 {(00:05} 19. Bxh3 {(00:12} Qxh3 {(
00:10} 20. Nd5 {(00:25} Nxd5 {(00:27} 21. exd5 {(00:11]
} f5 {(00:45} 22. f4 {(02:17} bxc4 {(06:08} 23. dxc4 {
(00:41} e4 {(00:05} 24. Bb4 {(00:28} Rfd8 {(00:
23} 25. b3 {(00:30} h5 {(02:37} 26. Rd2 {(01:28} Rd7 {
(05:02} 27. Rg2 {(03:32} Qg4 {(03:32} 28. Qa3 {(
03:31} d3 {(00:49} 29. Qxa6 {(02:06} Bd4+ {(00:09} 30.
Kh1 {(00:08} Rcd8 {(01:18} 31. Bd2 {(04:16} Qf3 {
(00:54} 32. c5 {(02:41} Bxc5 {(00:09} 33. Bc3 {(
00:56} Ra7 {(01:42} 34. Qc4 Rad7 35. Bd2 0-1

[Event "42nd Olympiad Baku 2016 Women"]
[Site "Baku"]
[Date "2016.09.08"]
[Round "6.6"]
[White "Shih, Ching-An"]
[Black "Clementson, Jessica"]
[Result "1-0"]
[ECO "C65"]
[WhiteElo "1460"]
[BlackElo "1233"]
[Annotator ""]
[PlyCount "103"]
[EventDate "2016.??.??"]
[EventType "team-tourn"]
[EventCountry "AZE"]
[SourceTitle "playchess.com"]
[Source "ChessBase"]
[WhiteTeam "Taiwan"]
[BlackTeam "Guyana"]
[WhiteTeamCountry "TPE"]
[BlackTeamCountry "GUY"]
[TimeControl "40/5400+30:1800+30"]

1. e4 {(00:00} e5 {(00:00} 2. Nf3 {(00:00} Nc6 {
(00:00} 3. Bb5 {(00:00} Nf6 {(01:03} 4. d3 {(00:
18} d6 {(00:39} 5. h3 {(00:13} Be7 {(00:55} 6. Nc3 {
(02:00} O-O {(01:11} 7. O-O {(00:12} Be6 {(01:
42} 8. Re1 {(01:19} a6 {(04:32} 9. Ba4 {(00:19} h6 {
(02:55} 10. Bd2 {(01:57} Nd7 {(06:17} 11. Bb3 {(
06:34} Bxb3 {(02:45} 12. axb3 {(00:05} f5 {(04:16} 13.
exf5 {(00:59} Rxf5 {(00:33} 14. Nd5 {(00:14} Rf8 {
(04:32} 15. Qe2 {(13:15} Nb6 {(06:55} 16. Nxe7+ {
(00:28} Qxe7 {(00:35} 17. d4 {(01:22} Rae8 {(02:
52} 18. dxe5 {(00:35} dxe5 {(00:53} 19. Bc3 {(00:33}
e4 {(11:57} 20. Nd2 {(00:19} e3 {(07:23} 21. Qxe3 {
(00:41} Qxe3 {(00:25} 22. Rxe3 {(00:05} Rxe3 {(
01:16} 23. fxe3 {(00:04} Nd5 {(02:25} 24. Bd4 {(01:53}
Nxd4 {(01:57} 25. exd4 {(00:06} Nb4 {(03:22} 26. Rc1 {
(02:18} Rf4 {(03:06} 27. Nf3 {(00:12} Re4 {(02:
17} 28. c3 {(04:22} Nd3 {(02:00} 29. Rc2 {(00:05} Ne1
{(04:54} 30. Nxe1 {(00:12} Rxe1+ {(00:16} 31. Kf2 {
(00:01} Re7 {(00:54} 32. b4 {(00:38} b5 {(02:35]
} 33. Re2 {(00:13} Kf7 {(01:03} 34. Rxe7+ {(00:06} Kxe7
{(00:13} 35. Ke3 {(00:06} Ke6 {(01:23} 36. Ke4 {
(00:08} c6 {(00:18} 37. b3 {(00:16} g6 {(01:08}
38. c4 {(00:17} Kd6 {(02:39} 39. g3 {(00:24} h5 {
(01:50} 40. Kf4 {(00:00} Ke6 {(00:00} 41. Kg5 {(
00:58} Kf7 {(07:33} 42. d5 {(01:00} cxd5 {(11:34} 43.
cxd5 {(00:03} Kg7 {(09:56} 44. d6 {(00:10} Kf7 {
(02:37} 45. d7 {(01:24} Ke7 {(03:18} 46. Kxg6 {(
00:15} Kxd7 {(00:42} 47. Kxh5 {(00:08} Ke7 {(01:34}
48. g4 {(00:14} Kf7 {(00:18} 49. g5 {(00:08} Kg7 {
(01:02} 50. g6 {(00:11} Kg8 {(01:39} 51. Kg5 {(
00:18} Kg7 {(00:31} 52. h4 {(00:04} 1-0

[Event "42nd Olympiad Baku 2016 Women"]
[Site "Baku"]
[Date "2016.09.08"]
[Round "6.9"]
[White "Sihite, Chelsie Monica Igne"]
[Black "Mueller-Seps, Monika"]
[Result "1-0"]
[ECO "B90"]
[WhiteElo "2199"]
[BlackElo "2276"]
[Annotator ""]
[PlyCount "51"]
[EventDate "2016.??.??"]
[EventType "team-tourn"]
[EventCountry "AZE"]
[SourceTitle "playchess.com"]
[Source "ChessBase"]
[WhiteTeam "Indonesia"]
[BlackTeam "Switzerland"]
[WhiteTeamCountry "INA"]
[BlackTeamCountry "SUI"]
[TimeControl "40/5400+30:1800+30"]

1. e4 {(00:00} c5 {(00:00} 2. Nf3 {(00:12} d6 {(
00:00} 3. d4 {(00:15} cxd4 {(00:00} 4. Nxd4 {(00:15}
Nf6 {(00:00} 5. Nc3 {(00:17} a6 {(00:00} 6. Be3 {
(00:52} e5 {(00:03} 7. Nb3 {(00:57} Be6 {(00:35]
} 8. h3 {(00:57} Nc6 {(03:16} 9. Qf3 {(08:52} Rc8 {
(04:55} 10. O-O-O {(12:32} Qc7 {(34:48} 11. Kb1 {
(04:17} b5 {(00:30} 12. g4 {(08:48} Na5 {(05:53]
} 13. Nxa5 {(07:21} Qxa5 {(00:49} 14. Nd5 {(00:43} Bxd5
{(07:55} 15. exd5 {(00:11} Be7 {(00:01} 16. Bd3 {
(02:17} Nd7 {(08:18} 17. g5 {(03:09} Nc5 {(04:
39} 18. Qf5 {(15:18} Rc7 {(04:38} 19. Bxc5 {(00:58}
Rxc5 {(00:00} 20. h4 {(00:59} Qa4 {(04:49} 21. Rde1 {
(04:02} g6 {(10:18} 22. Qh3 {(01:43} h5 {(02:32]
} 23. Re4 {(00:48} b4 {(00:50} 24. f4 {(00:47} exf4 {
(02:36} 25. Rhe1 Rc7 {(00:00} 26. Rxe7+ {(00:36} 1-0

[Event "42nd Olympiad Baku 2016 Women"]
[Site "Baku"]
[Date "2016.09.08"]
[Round "6.20"]
[White "Silva, Ana Ines Teixeira D"]
[Black "Agbabishvili, Lali"]
[Result "0-1"]
[ECO "B23"]
[WhiteElo "1855"]
[BlackElo "2064"]
[Annotator ""]
[PlyCount "79"]
[EventDate "2016.??.??"]
[EventType "team-tourn"]
[EventCountry "AZE"]
[SourceTitle "playchess.com"]
[Source "ChessBase"]
[WhiteTeam "Portugal"]
[BlackTeam "Canada"]
[WhiteTeamCountry "POR"]
[BlackTeamCountry "CAN"]
[TimeControl "40/5400+30:1800+30"]

1. e4 {(00:00} c5 {(00:00} 2. Nc3 {(00:00} a6 {(
00:00} 3. g3 {(00:00} b5 {(00:00} 4. Bg2 {(01:11} Bb7
{(00:06} 5. d3 {(00:56} e6 {(00:42} 6. Nh3 {(07:
30} d6 {(10:54} 7. O-O {(01:54} Be7 {(05:05} 8. f4 {
(03:06} b4 {(04:28} 9. Ne2 {(05:08} Nf6 {(03:33]
} 10. Nf2 {(04:32} e5 {(03:43} 11. Be3 {(07:38} Nc6 {
(03:18} 12. c3 {(07:00} O-O {(13:22} 13. g4 {(
07:52} h5 {(09:59} 14. Ng3 {(07:19} exf4 {(15:37} 15.
Bxf4 {(00:44} hxg4 {(02:36} 16. Nxg4 {(04:29} Nxg4 {
(04:08} 17. Qxg4 {(02:19} Ne5 {(03:15} 18. Bxe5 {
(01:35} dxe5 {(00:02} 19. Nf5 {(03:10} g6 {(05:
20} 20. Rf3 {(02:09} Bg5 {(00:35} 21. Rg3 {(08:09} Bf4
{(01:52} 22. Rh3 {(03:54} Qg5 {(00:28} 23. Qxg5 {
(08:54} Bxg5 {(00:03} 24. Nd6 {(02:12} Bc6 {(00:
30} 25. Rf1 {(02:26} bxc3 {(01:55} 26. bxc3 {(00:20}
Bd2 {(00:43} 27. Rff3 {(04:07} Kg7 {(05:39} 28. Rhg3 {
(02:22} Bf4 {(00:21} 29. Rg4 {(00:52} Rad8 {(01:
03} 30. Nf5+ {(01:46} Kf6 {(00:46} 31. Ng3 {(00:08}
Ke7 {(00:26} 32. Ne2 {(00:39} Bd7 {(00:47} 33. Rh4 {
(01:02} g5 {(00:35} 34. Rh7 {(00:33} Bg4 {(00:
06} 35. Nxf4 {(00:24} gxf4 {(01:40} 36. Rf1 {(00:47}
Rxd3 {(00:05} 37. Rc1 {(00:42} Rfd8 {(02:11} 38. Bf1 {
(00:33} Rd1 {(00:06} 39. Rc2 {(00:18} Bf3 {(00:
31} 40. h4 {(00:00} 0-1

[Event "42nd Olympiad Baku 2016 Women"]
[Site "Baku"]
[Date "2016.09.08"]
[Round "6.18"]
[White "Silva, Mariana Sofia T"]
[Black "Yuan, Yuanling"]
[Result "0-1"]
[ECO "B76"]
[WhiteElo "1789"]
[BlackElo "2205"]
[Annotator ""]
[PlyCount "52"]
[EventDate "2016.??.??"]
[EventType "team-tourn"]
[EventCountry "AZE"]
[SourceTitle "playchess.com"]
[Source "ChessBase"]
[WhiteTeam "Portugal"]
[BlackTeam "Canada"]
[WhiteTeamCountry "POR"]
[BlackTeamCountry "CAN"]
[TimeControl "40/5400+30:1800+30"]

1. e4 {(00:00} c5 {(00:00} 2. Nf3 {(00:00} d6 {(
00:00} 3. d4 {(00:00} cxd4 {(00:00} 4. Nxd4 {(00:00}
Nf6 {(00:00} 5. Nc3 {(00:00} g6 {(00:06} 6. f3 {
(00:52} Bg7 {(00:16} 7. Be3 {(00:11} Nc6 {(02:
10} 8. Qd2 {(02:08} O-O {(00:17} 9. O-O-O {(06:13} d5
{(10:01} 10. Qe1 {(08:34} e5 {(03:18} 11. Nb3 {(
11:32} d4 {(03:31} 12. Bg5 {(04:43} Qb6 {(06:07} 13.
Na4 {(14:25} Qc7 {(01:15} 14. Nac5 {(01:04} a5 {
(02:01} 15. a4 {(07:39} Nb4 {(03:04} 16. Qd2 {(
08:44} b6 {(04:04} 17. Nd3 {(00:20} Bd7 {(08:23} 18.
Nxb4 {(07:39} axb4 {(00:13} 19. Bb5 {(01:47} Bxb5 {
(03:32} 20. axb5 {(00:09} Rfc8 {(01:56} 21. Qd3 {
(02:58} Ne8 {(02:22} 22. Rhf1 {(07:42} Nd6 {(03:
55} 23. Kb1 {(01:09} Qa7 {(02:10} 24. Kc1 {(06:41} Nc4
{(03:37} 25. c3 {(01:51} bxc3 {(07:29} 26. Kc2 {
(02:34} Qa2 {(03:51} 0-1

[Event "42nd Olympiad Baku 2016 Women"]
[Site "Baku"]
[Date "2016.09.08"]
[Round "6.1"]
[White "Silva Rosas, Natalia"]
[Black "Hamoonga, Linda Banti"]
[Result "1-0"]
[ECO "C22"]
[WhiteElo "1812"]
[BlackElo "1783"]
[Annotator ""]
[PlyCount "75"]
[EventDate "2016.??.??"]
[EventType "team-tourn"]
[EventCountry "AZE"]
[SourceTitle "playchess.com"]
[Source "ChessBase"]
[WhiteTeam "Uruguay"]
[BlackTeam "Zambia"]
[WhiteTeamCountry "URU"]
[BlackTeamCountry "ZAM"]
[TimeControl "40/5400+30:1800+30"]

1. e4 {(00:00} e5 {(00:00} 2. d4 {(00:00} exd4 {
(00:00} 3. Qxd4 {(00:00} Nc6 {(00:11} 4. Qe3 {(
00:00} d6 {(03:47} 5. Nc3 {(01:24} Nf6 {(05:39} 6. b3
{(02:34} Be7 {(02:08} 7. Bb2 {(00:26} O-O {(00:
22} 8. O-O-O {(02:42} Ng4 {(06:48} 9. Qe1 {(02:20} Be6
{(08:07} 10. h3 {(02:28} Bg5+ {(06:51} 11. Kb1 {
(00:15} Nf6 {(00:26} 12. Nge2 {(02:40} Ne8 {(09:
03} 13. f4 {(02:44} Be7 {(01:19} 14. f5 {(04:31} Bd7 {
(02:04} 15. Nd5 {(01:09} Ne5 {(07:26} 16. Nxe7+ {
(04:23} Qxe7 {(00:11} 17. Nf4 {(01:20} Nf6 {(03:
42} 18. g4 {(03:52} Bc6 {(06:34} 19. Nd5 {(05:00} Bxd5
{(05:17} 20. exd5 {(00:07} Nfd7 {(00:25} 21. h4 {
(01:47} f6 {(03:31} 22. Qg3 {(03:25} Nc5 {(05:
01} 23. Re1 {(00:38} Ncd7 {(02:19} 24. Bh3 {(01:43}
Nb6 {(01:26} 25. Rd1 {(03:48} Nbd7 {(00:50} 26. Rhe1 {
(00:20} Nb6 {(00:42} 27. g5 {(00:19} Qf7 {(00:
33} 28. gxf6 {(01:38} Qxf6 {(01:20} 29. Rxe5 {(02:03}
dxe5 {(02:05} 30. Bxe5 {(00:09} Qe7 {(01:44} 31. f6 {
(01:59} Rxf6 {(01:16} 32. Be6+ {(00:58} Rxe6 {(
05:27} 33. dxe6 {(00:09} g6 {(02:02} 34. Qg4 {(01:41}
Re8 {(00:30} 35. Bb2 {(01:04} Qxe6 {(01:05} 36. Qd4 {
(00:14} Re7 {(07:18} 37. Qh8+ {(00:17} Kf7 {(00:
15} 38. Rf1+ {(00:10} 1-0

[Event "42nd Olympiad Baku 2016 Women"]
[Site "Baku"]
[Date "2016.09.08"]
[Round "6.24"]
[White "Sivarajasingam, Venetia"]
[Black "Medeiros, Thauane Ferreira"]
[Result "0-1"]
[ECO "B51"]
[WhiteElo "1631"]
[BlackElo "2030"]
[Annotator ""]
[PlyCount "130"]
[EventDate "2016.??.??"]
[EventType "team-tourn"]
[EventCountry "AZE"]
[SourceTitle "playchess.com"]
[Source "ChessBase"]
[WhiteTeam "Wales"]
[BlackTeam "Brazil"]
[WhiteTeamCountry "WLS"]
[BlackTeamCountry "BRA"]
[TimeControl "40/5400+30:1800+30"]

1. e4 {(00:00} c5 {(00:00} 2. Nf3 {(00:00} d6 {(
00:00} 3. Bb5+ {(00:00} Nd7 {(00:00} 4. d4 {(00:14}
cxd4 {(00:25} 5. Qxd4 {(00:15} a6 {(00:33} 6. Bxd7+ {
(00:07} Bxd7 {(00:31} 7. c4 {(00:16} Rc8 {(01:
15} 8. Nc3 {(01:19} Qc7 {(03:00} 9. b3 {(00:36} e5 {
(00:14} 10. Qd3 {(00:14} b5 {(00:17} 11. Nd5 {(
01:53} Qb7 {(00:57} 12. Be3 {(04:21} Be6 {(10:44} 13.
O-O {(02:55} Bxd5 {(09:56} 14. cxd5 {(02:50} f5 {
(08:07} 15. Ng5 {(10:16} h6 {(27:58} 16. Ne6 {(
01:49} fxe4 {(00:10} 17. Qxe4 {(01:06} Nf6 {(00:11}
18. Qg6+ {(01:46} Qf7 {(00:13} 19. Qd3 {(05:15} Ke7 {
(16:32} 20. Rac1 {(01:36} Rxc1 {(00:48} 21. Rxc1 {
(00:05} Nxd5 {(00:36} 22. Qxd5 {(01:29} Qxe6 {(
00:01} 23. Qb7+ {(07:10} Kf6 {(00:10} 24. Qxa6 {(01:28]
} Qd5 {(02:03} 25. a4 {(07:09} bxa4 {(00:28} 26. bxa4 {
(00:38} Be7 {(00:15} 27. Qb6 {(01:05} Ra8 {(03:
28} 28. Qb5 {(04:32} Qxb5 {(02:09} 29. axb5 {(00:10}
Rb8 {(00:02} 30. Rb1 {(01:37} Rb7 {(00:50} 31. Kf1 {
(02:55} d5 {(01:26} 32. f4 {(03:10} d4 {(01:36}
33. fxe5+ {(00:48} Kxe5 {(00:02} 34. Bf2 {(01:27} Bc5 {
(01:48} 35. Bg3+ {(01:29} Kd5 {(00:31} 36. Ke2 {
(01:28} Kc4 {(04:38} 37. Rc1+ {(01:08} Kd5 {(02:
18} 38. Rb1 {(01:12} Bb6 {(00:02} 39. Kd3 {(01:00} Ra7
{(00:23} 40. Rc1 {(00:00} Ra3+ {(00:00} 41. Kd2 {
(25:19} Ba5+ {(01:36} 42. Kc2 {(02:35} Rc3+ {(
01:28} 43. Kb2 {(01:06} Kc4 {(01:24} 44. Be5 {(10:27}
Rxc1 {(03:19} 45. Kxc1 {(00:07} g6 {(00:09} 46. Kd1 {
(10:59} d3 {(01:00} 47. Bg3 {(00:45} Kxb5 {(00:
18} 48. Bf2 {(00:04} Kc4 {(00:26} 49. Ba7 {(01:38} Kd5
{(00:34} 50. Bg1 {(01:28} Ke4 {(00:29} 51. Bf2 {
(00:00} Bc3 {(00:29} 52. Bb6 {(01:55} Be5 {(00:
38} 53. h3 {(00:54} Kf4 {(04:44} 54. Bf2 {(00:24} Bc3
{(00:56} 55. Kc1 {(00:19} g5 {(01:32} 56. Kd1 {(
04:52} h5 {(02:16} 57. Kc1 {(00:30} Ke4 {(01:31} 58.
Kd1 {(00:26} Bd4 {(00:21} 59. Bg3 {(02:25} Be3 {
(01:54} 60. Bc7 {(01:22} Kf5 {(01:50} 61. Bd6 {(
00:28} g4 {(00:22} 62. hxg4+ {(02:18} Kxg4 {(00:02}
63. Bc7 {(00:40} Bf4 {(00:21} 64. Bd8 {(01:17} Kg3 {
(00:21} 65. Be7 {(00:36} Kxg2 0-1

[Event "42nd Olympiad Baku 2016 Women"]
[Site "Baku"]
[Date "2016.09.08"]
[Round "6.23"]
[White "Smith, Annesha"]
[Black "Barbier, Wiebke"]
[Result "0-1"]
[ECO "A41"]
[WhiteElo "1770"]
[BlackElo "2008"]
[Annotator ""]
[PlyCount "74"]
[EventDate "2016.??.??"]
[EventType "team-tourn"]
[EventCountry "AZE"]
[SourceTitle "playchess.com"]
[Source "ChessBase"]
[WhiteTeam "Jamaica"]
[BlackTeam "Belgium"]
[WhiteTeamCountry "JAM"]
[BlackTeamCountry "BEL"]
[TimeControl "40/5400+30:1800+30"]

1. d4 {(00:00} d6 {(00:00} 2. c4 {(00:00} e5 {(
00:00} 3. Nc3 {(01:01} exd4 {(00:00} 4. Qxd4 {(00:18}
Nc6 {(00:03} 5. Qd2 {(00:40} g6 {(00:35} 6. Nf3 {
(01:25} Bg7 {(00:20} 7. g3 {(02:16} Nf6 {(00:27]
} 8. Bg2 {(00:07} O-O {(00:06} 9. O-O {(00:18} Re8 {
(03:09} 10. Re1 {(02:37} Bf5 {(04:33} 11. a3 {(
01:59} a5 {(00:40} 12. Nh4 {(00:23} Be6 {(02:28} 13.
Nd5 {(02:58} Nd7 {(05:21} 14. Rb1 {(08:56} a4 {(
04:15} 15. Qd1 {(15:13} Nc5 {(05:15} 16. Bd2 {(08:05}
Nb3 {(04:01} 17. Bc3 {(03:15} Bxc3 {(00:37} 18. bxc3 {
(00:50} Ne5 {(03:09} 19. Ne3 {(04:33} c6 {(01:
52} 20. Nf3 {(06:14} Nxc4 {(06:24} 21. Nxc4 {(00:28}
Bxc4 {(00:04} 22. Nd2 {(00:22} Nxd2 {(00:25} 23. Qxd2 {
(00:18} Qc7 {(01:10} 24. e4 {(01:19} Rad8 {(01:
59} 25. Qf4 {(01:41} b5 {(03:18} 26. h4 {(02:25} Qe7 {
(03:34} 27. Bf3 {(10:27} Qe5 {(02:25} 28. Qe3 {(
01:21} Qc5 {(05:25} 29. Qc1 {(01:00} d5 {(04:32} 30.
Qg5 {(08:12} Qxa3 {(11:02} 31. h5 {(03:14} Qxc3 {
(02:26} 32. hxg6 {(02:28} hxg6 {(09:03} 33. Kg2 {
(00:23} dxe4 {(01:12} 34. Bxe4 {(01:08} Qd2 {(
02:52} 35. Qf6 {(02:03} Qd4 {(01:02} 36. Qf4 {(00:32}
Rxe4 {(00:54} 37. Rxe4 {(01:48} Qxe4+ {(00:11} 0-1

[Event "42nd Olympiad Baku 2016 Women"]
[Site "Baku"]
[Date "2016.09.08"]
[Round "6.18"]
[White "Smith, Javanna"]
[Black "Guo, Emma"]
[Result "0-1"]
[ECO "C63"]
[WhiteElo "1759"]
[BlackElo "2035"]
[Annotator ""]
[PlyCount "60"]
[EventDate "2016.??.??"]
[EventType "team-tourn"]
[EventCountry "AZE"]
[SourceTitle "playchess.com"]
[Source "ChessBase"]
[WhiteTeam "TTO"]
[BlackTeam "Australia"]
[BlackTeamCountry "AUS"]
[TimeControl "40/5400+30:1800+30"]

1. e4 {(00:00} e5 {(00:00} 2. Nf3 {(00:00} Nc6 {
(00:00} 3. Bb5 {(00:00} f5 {(00:00} 4. d3 {(00:
51} fxe4 {(00:04} 5. dxe4 {(00:05} Nf6 {(00:07} 6. O-O
{(08:00} Bc5 {(00:24} 7. Bg5 {(16:54} d6 {(00:
37} 8. h3 {(00:06} O-O {(02:44} 9. Nc3 {(01:44} Be6 {
(08:36} 10. Nd5 {(10:26} Kh8 {(02:31} 11. Bc4 {(
10:06} Qd7 {(02:02} 12. Nxf6 {(07:30} gxf6 {(00:27}
13. Bxe6 {(00:06} Qxe6 {(00:06} 14. Bh4 {(01:45} Rg8 {
(00:23} 15. Kh1 {(00:15} Rg6 {(05:36} 16. Bg3 {(
02:40} Rag8 {(07:43} 17. Nh4 {(04:37} Rg5 {(05:21} 18.
c3 {(03:17} Ne7 {(06:38} 19. Qf3 {(01:51} Qf7 {(
06:50} 20. b4 {(02:37} Bb6 {(03:31} 21. a4 {(01:32} a6
{(17:25} 22. a5 {(01:27} Ba7 {(00:04} 23. Rad1 {
(01:25} f5 {(07:03} 24. Bh2 {(03:44} f4 {(02:35]
} 25. g3 {(05:02} Rh5 {(03:10} 26. Bg1 {(03:35} Rh6 {
(01:42} 27. Kh2 {(03:24} Qe6 {(02:58} 28. Nf5 {(
00:31} Nxf5 {(00:41} 29. exf5 {(00:05} Qxf5 {(00:15}
30. gxf4 {(00:22} e4 0-1

[Event "42nd Olympiad Baku 2016 Women"]
[Site "Baku"]
[Date "2016.09.08"]
[Round "6.17"]
[White "Socko, Monika"]
[Black "Pham, Le Thao Nguyen"]
[Result "1-0"]
[ECO "D12"]
[WhiteElo "2437"]
[BlackElo "2338"]
[Annotator ""]
[PlyCount "81"]
[EventDate "2016.??.??"]
[EventType "team-tourn"]
[EventCountry "AZE"]
[SourceTitle "playchess.com"]
[Source "ChessBase"]
[WhiteTeam "Poland"]
[BlackTeam "Vietnam"]
[WhiteTeamCountry "POL"]
[BlackTeamCountry "VIE"]
[TimeControl "40/5400+30:1800+30"]

1. d4 {(00:00} d5 {(00:22} 2. c4 {(00:00} c6 {(
00:22} 3. Nf3 {(00:00} Nf6 {(00:17} 4. e3 {(00:00} Bf5
{(01:43} 5. Nc3 {(00:00} e6 {(00:21} 6. Nh4 {(
00:00} Be4 {(01:14} 7. f3 {(00:41} Bg6 {(00:28} 8.
Nxg6 {(00:07} hxg6 {(00:13} 9. Kf2 {(00:33} Nbd7 {
(01:47} 10. Bd2 {(00:50} Be7 {(05:38} 11. g3 {(
05:57} g5 {(05:52} 12. Kg2 {(03:06} Nb6 {(19:44} 13.
c5 {(07:06} Nbd7 {(02:40} 14. f4 {(05:02} Ng8 {(
07:15} 15. Bd3 {(08:40} f5 {(04:08} 16. b4 {(05:19}
Kf7 {(11:18} 17. b5 {(02:28} gxf4 {(03:50} 18. exf4 {
(01:35} Ndf6 {(00:38} 19. bxc6 {(12:03} bxc6 {(
00:43} 20. Rb1 {(00:52} Ne4 {(02:56} 21. Rb7 {(08:35}
Ngf6 {(01:29} 22. Bxe4 {(02:43} dxe4 {(02:19} 23. Be3 {
(02:23} Rb8 {(02:33} 24. Rxb8 {(05:20} Qxb8 {(
00:13} 25. Qd2 {(00:07} Qc8 {(09:09} 26. Rb1 {(03:44}
Rd8 {(02:54} 27. Qe2 {(01:14} Rd7 {(01:07} 28. Bf2 {
(04:08} Qd8 {(01:21} 29. Rb4 {(02:50} Ng4 {(05:
08} 30. Nxe4 {(05:35} Nxf2 {(01:08} 31. Nxf2 {(00:36}
Bf6 {(02:13} 32. Qh5+ {(03:42} Ke7 {(01:37} 33. Nd3 {
(05:48} Rxd4 {(00:56} 34. Rb7+ {(00:07} Rd7 {(
00:10} 35. Nb4 {(00:27} Rxb7 {(03:08} 36. Nxc6+ {(00:
04} Kd7 {(00:10} 37. Nxd8 {(00:14} Kxd8 {(00:05} 38.
Qd1+ {(01:17} Rd7 {(00:36} 39. Qe1 {(00:10} Bd4 {
(00:56} 40. Qb4 {(00:00} Kc8 {(00:00} 41. c6 {(
01:42} 1-0

[Event "42nd Olympiad Baku 2016 Women"]
[Site "Baku"]
[Date "2016.09.08"]
[Round "6.25"]
[White "Stefanova, Antoaneta"]
[Black "Repkova, Eva"]
[Result "1-0"]
[ECO "D05"]
[WhiteElo "2515"]
[BlackElo "2332"]
[Annotator ""]
[PlyCount "49"]
[EventDate "2016.??.??"]
[EventType "team-tourn"]
[EventCountry "AZE"]
[SourceTitle "playchess.com"]
[Source "ChessBase"]
[WhiteTeam "Bulgaria"]
[BlackTeam "Slovakia"]
[WhiteTeamCountry "BUL"]
[BlackTeamCountry "SVK"]
[TimeControl "40/5400+30:1800+30"]

1. d4 {(00:00} d5 {(00:00} 2. Nf3 {(00:00} e6 {(
00:00} 3. e3 {(04:02} Nf6 {(00:49} 4. b3 {(00:41} Ne4
{(04:02} 5. Bb2 {(02:28} Nd7 {(00:24} 6. Bd3 {(
02:04} Ndf6 {(01:05} 7. O-O {(03:43} Bd6 {(01:39} 8.
Ne5 {(01:34} h5 {(01:44} 9. f3 {(06:18} Ng5 {(
01:07} 10. Nd2 {(02:18} h4 {(01:55} 11. c4 {(03:11} c6
{(02:14} 12. Qc2 {(03:43} h3 {(01:25} 13. g3 {(
00:57} Bd7 {(05:42} 14. f4 {(03:21} Ngh7 {(05:39} 15.
Ndf3 {(02:33} Qe7 {(01:22} 16. c5 {(07:31} Bc7 {
(00:30} 17. b4 {(01:09} O-O {(18:26} 18. a4 {(
05:38} Be8 {(00:24} 19. Bc3 {(08:37} g6 {(04:15} 20.
Kh1 {(04:01} Kg7 {(02:16} 21. Ng1 {(04:48} Rh8 {
(01:21} 22. Nxh3 {(02:48} Nh5 {(03:32} 23. g4 {(
04:57} Qh4 {(00:53} 24. Qg2 {(03:21} N5f6 {(07:22} 25.
Be1 {(03:54} 1-0